 Dungeon Crawl Stone Soup version 0.26-a0-712-ga5a9c9c9d0 (webtiles) character file.

Game seed: 4325183023542400918

315 KennyOmg the Chopper (level 6, -13/56 HPs)
             Began as a Minotaur Berserker on Oct 31, 2020.
             Was a Believer of Trog.
             Mangled by a red devil
             ... wielding a +0 trident
             ... summoned by a kobold demonologist
              (14 damage)
             ... on level 3 of the Dungeon.
             The game lasted 00:04:23 (2808 turns).

KennyOmg the Chopper (Minotaur Berserker)           Turns: 2808, Time: 00:04:23

Health: -13/56     AC:  6    Str: 22    XL:     6   Next: 20%
Magic:  4/4        EV: 11    Int:  6    God:    Trog [**....]
Gold:   104        SH:  0    Dex:  9    Spells: 5/5 levels left

rFire    + . .     SeeInvis .   a - +0 hand axe
rCold    . . .     Faith    .   (no shield)
rNeg     . . .     Spirit   .   h - +0 ring mail (curse)
rPois    .         Reflect  .   (helmet restricted)
rElec    .         Harm     .   (no cloak)
rCorr    .         Rampage  .   e - +0 pair of gloves
MR       .....                  (no boots)
Stlth    ..........             (no amulet)
HPRegen  0.18/turn              i - ring of protection from fire
MPRegen  0.09/turn              (no ring)

@: very slightly contaminated, invisible (expiring)
A: retaliatory headbutt, horns 2, low mp 1
a: Berserk, Trog's Hand, Renounce Religion


You were on level 3 of the Dungeon.
You worshipped Trog.
Trog was pleased with you.
You visited 1 branch of the dungeon, and saw 3 of its levels.

You collected 104 gold pieces.

Inventory:

Hand Weapons
 a - a +0 hand axe (weapon)
 n - a +0 battleaxe
   (You found it on level 3 of the Dungeon)
Armour
 e - a +0 pair of gloves (worn)
   (You found it on level 1 of the Dungeon)
 h - a cursed +0 ring mail (worn)
   (You found it on level 2 of the Dungeon)
 s - a +0 scale mail
   (You took it off Terence on level 3 of the Dungeon)
Jewellery
 i - a ring of protection from fire (left hand)
   (You found it on level 1 of the Dungeon)
Wands
 d - a wand of iceblast (11)
   (You found it on level 3 of the Dungeon)
Scrolls
 b - 3 scrolls of remove curse {unknown}
 g - a scroll of blinking {unknown}
 j - a scroll of fog {unknown}
 k - a scroll of immolation {unknown}
 o - a scroll of amnesia {unknown}
 r - a scroll of identify {unknown}
Potions
 c - 2 potions of degeneration {unknown}
 f - 2 potions of curing {unknown}
 l - a potion of mutation {unknown}
 m - a potion of flight {unknown}
 p - a potion of stabbing {unknown}
 q - a potion of lignification {unknown}


   Skills:
 + Level 5.6 Fighting
 * Level 7.2 Axes
 - Level 2.4 Armour
 - Level 2.1 Dodging


You had 5 spell levels left.
You didn't know any spells.
Your spell library was empty.

Dungeon Overview and Level Annotations

Branches:
Dungeon (3/15)

Altars:

Annotations:
D:3 1 transporter


Innate Abilities, Weirdness & Mutations

You reflexively headbutt those who attack you in melee.
You have a pair of horns on your head.
Your magical capacity is low. (-10% MP)


Message History

...and don't expect to remain undetected.
The shadow imp gestures at you. Pain shoots through your body!
The orc priest calls down the wrath of Beogh upon you.
Pain shoots through your body!
The orc priest calls down the wrath of Beogh upon you.
Beogh smites you!
The kobold demonologist casts a spell.
The shadow imp gestures at you. Pain shoots through your body!
* * * LOW HITPOINT WARNING * * *
The kobold demonologist gestures wildly while chanting.
The kobold demonologist casts a spell.
The shadow imp gestures at you. Pain shoots through your body!
* * * LOW HITPOINT WARNING * * *
The orc priest begins to cast a cantrip, but forgets the words!
Unknown command.
You open the door.
The red devil hops backward while attacking.
The red devil closely misses you.
The neqoxec gestures at the hellwing.
Strange energies course through your body.
You feel less energetic.
There is an open door here.
You see here a battleaxe.
There is a transporter here.
You see here 5 gold pieces.
The hellwing hits you.
* * * LOW HITPOINT WARNING * * *
The hellwing closely misses you.
There is a transporter, spattered with blood here.
You flicker for a moment.
The red devil closely misses you.
You see here 5 gold pieces.
The neqoxec disappears in a puff of smoke!
The red devil hops backward while attacking.
The red devil hits the plant with a +0 trident!!
The plant begins to die.
The shadow imp summons a swarm of flies.
You see here a battleaxe.
n - a battleaxe The hellwing hits you!
* * * LOW HITPOINT WARNING * * *
The hellwing hits you.
* * * LOW HITPOINT WARNING * * *
The hellwing hits you but does no damage. x2
The red devil hops backward while attacking.
The red devil hits you from afar with a +0 trident!
You die...

####### #####.....#####
####.............# #####
#.........©......#
#...###.###.#########..#
..#..##.# #.#8P4@$P8#..#
####..#.# #.#≈4..$.≈#..#
# ##...# #.####'####..#
###########.#5≈...≈.#..#
............#.≈...≈o#.>#
##########..#.≈≈≈≈≈K#..#
#..#.≈≈⌠≈≈o#..######
#..#.≈≈≈≈≈5#.......#
#..#.≈...≈.#...###[#


You could see a hellwing (summoned), a kobold demonologist, a red devil
(summoned), 2 orc priests and 2 shadow imps.

Vanquished Creatures
  2 orc wizards (D:3)
  Natasha (twice) (D:3)
  Jessica (D:2)
  Terence (D:3)
  Robin (D:3)
  A gnoll (D:1)
  4 adders
  An ooze (D:1)
  A worm (D:3)
  A dart slug (D:1)
  A leopard gecko (D:1)
  4 orcs (D:3)
  2 giant cockroaches
  21 goblins
  9 hobgoblins
  7 jackals
  5 kobolds
  2 quokkas (D:2)
  2 ball pythons (D:3)
  5 bats
  4 frilled lizards
  11 rats
88 creatures vanquished.

Notes
Turn   | Place    | Note
-------+----------+-------------------------------------------
     0 | D:1      | KennyOmg the Minotaur Berserker began the quest for the
                  | Orb.
     0 | D:1      | Reached XP level 1. HP: 19/19 MP: 0/0
   173 | D:1      | Reached skill level 4 in Axes
   187 | D:1      | Reached XP level 2. HP: 21/27 MP: 1/1
   395 | D:1      | Reached XP level 3. HP: 33/33 MP: 2/2
  1033 | D:2      | Reached skill level 5 in Axes
  1041 | D:2      | Noticed Jessica
  1051 | D:2      | Killed Jessica
  1051 | D:2      | Reached XP level 4. HP: 41/41 MP: 3/3
  1572 | D:2      | Reached ** piety under Trog
  1927 | D:3      | Found a transporter.
  1931 | D:3      | Noticed a kobold demonologist
  1933 | D:3      | Reached skill level 5 in Fighting
  1933 | D:3      | Reached skill level 6 in Axes
  1933 | D:3      | Reached XP level 5. HP: 48/48 MP: 4/4
  1990 | D:3      | Found a transporter.
  2046 | D:3      | Noticed Natasha
  2056 | D:3      | Killed Natasha
  2123 | D:3      | Noticed Robin
  2145 | D:3      | Killed Robin
  2145 | D:3      | Reached skill level 7 in Axes
  2523 | D:3      | Noticed Natasha
  2529 | D:3      | Reached XP level 6. HP: 55/56 MP: 5/5
  2535 | D:3      | Killed Natasha
  2704 | D:3      | Noticed Terence
  2715 | D:3      | Killed Terence
  2796 | D:3      | Noticed a neqoxec
  2797 | D:3      | Noticed a red devil
  2797 | D:3      | Noticed a hellwing
  2800 | D:3      | Gained mutation: Your magical capacity is low. (-10% MP) [a
                  | neqoxec]
  2807 | D:3      | HP: 1/56 [hellwing[a kobold demonologist] (5)]
  2808 | D:3      | Mangled by a red devil

Illustrated notes

Levels and vault maps discovered:
D:1:      dpeg_arrival_tiny_k, layout_loops_ring
D:2:      layout_basic, uniq_jessica
D:3:      gammafunk_wand_slinger, layout_basic, hex_medium, uniq_terence,
          uniq_robin, uniq_natasha

Skill      XL: |  1  2  3  4  5 |
---------------+----------------+-----
Axes           | 4 5 6 7 |  7.2
Fighting       | 4 5 |  5.6
Armour         | |  2.4
Dodging        | |  2.1

Action                   |  1- 3 |  4- 6 || total
-------------------------+-------+-------++-------
Melee: Hand axe          |    64 |   132 ||   196
       Headbutt          |     8 |    15 ||    23
Invok: Berserk           |     1 |     2 ||     3
  Use: Potion            |       |     1 ||     1
 Stab: Sleeping          |     1 |       ||     1
Armor: Animal skin       |     9 |       ||     9
       Ring mail         |       |    54 ||    54
Dodge: Dodged            |    44 |    65 ||   109

Table legend: (Time is in decaauts)
 A = Elapsed time spent in this place.
 B = Non-inter-level travel time spent in this place.
 C = Inter-level travel time spent in this place.
 D = Time resting spent in this place.
 E = Time spent auto-exploring this place.
 F = Levels seen in this place.
 G = Mean time per level.
                   A        B        C        D        E       F      G
               +--------+--------+--------+--------+--------+-----+--------+
         Total |   2839 |   2784 |     55 |    568 |   1716 |   3 |  946.3 |
       Dungeon |   2839 |   2784 |     55 |    568 |   1716 |   3 |  946.3 |
               +--------+--------+--------+--------+--------+-----+--------+

Top non-repeatable levels by time:
     D:3: 1039 daAuts
     D:2: 928 daAuts
     D:1: 871 daAuts
